AoeStats
← DiPunisher

Arena

507988627Analyzed
1v1 RM · 12d ago on Sep 20, 2026· 39m 39s· 2 players
Game mode
Random Map
Map size
Tiny (2 player)
Population
200
Speed
Normal
Resources
Standard
Victory
Conquest
Starting age
Dark Age
Ending age
Imperial Age
RankedLock teamsTeams togetherTeam positionsShared explorationLock speedFull tech treeHidden civsTurbo modeCheats
Victory
Defeat
🇨🇿 Turks · Czechia
778
+16
🇧🇷 Teutons · Brazil
775
-16
DiPunisher
1:25 Loom
10:14 Feudal Age
10:58 Double-Bit Axe
11:00 Horse Collar
18:01 Castle Age
18:50 Wheelbarrow
19:30 Bow Saw
20:36 Squires
22:14 Hand Cart
24:18 Stone Mining
25:15 Heavy Plow
25:15 Gambesons
26:03 Forging
30:52 Imperial Age
29:09 Fletching
29:55 Iron Casting
30:13 Bloodlines
30:09 Padded Archer Armor
30:15 Scale Barding Armor
30:07 Bodkin Arrow
29:54 Elite Skirmisher
30:32 Town Watch
32:35 Chemistry
33:11 Crop Rotation
33:52 Conscription
35:16 Pikeman
35:41 Arson
37:02 Blast Furnace
36:24 Cavalier
37:07 Gold Mining
37:53 Stone Shaft Mining
38:22 Paladin
shockooee
10:00 Feudal Age
10:22 Horse Collar
10:29 Double-Bit Axe
18:14 Castle Age
17:21 Fletching
17:34 Padded Archer Armor
21:03 Bow Saw
20:56 Heavy Plow
22:00 Wheelbarrow
21:49 Town Watch
23:09 Hand Cart
22:49 Loom
27:00 Arson
27:16 Squires
27:57 Bodkin Arrow
28:17 Leather Archer Armor
28:41 Ballistics
31:11 Imperial Age
30:53 Scale Barding Armor
31:00 Forging
30:52 Scale Mail Armor
31:18 Thumb Ring
31:46 Husbandry
32:00 Bloodlines
34:05 Bracer
34:51 Ring Archer Armor
34:58 Iron Casting
34:51 Chain Barding Armor
Connection lost

Rejoining the realm…

Still unreachable

The connection could not be restored.

Session expired

The server has moved on; the page needs a fresh start.